[Event "Titled Tuesday Blitz June 6 Early 2023"]
[White "Grischuk, Alexander"]
[Black "caropawn10"]
[WhiteFideId "4126025"]
[WhiteElo "2721"]
[BlackElo "2730"]
[Result "1-0"]
[Round "7"]
[TimeControl "180+2"]
[Date "2023.06.06"]
[WhiteClock "0:00:10"]
[BlackClock "0:00:05"]
[Board "17"]

1. e4 c6 2. Nc3 d5 3. d3 dxe4 4. Nxe4 Nf6 5. Qe2 Nxe4 6. dxe4 e5 7. Nf3 Be7 8. g3 O-O 9. Bg2 Be6 10. O-O Nd7 11. a4 a5 12. b3 Qc7 13. Ng5 Bxg5 14. Bxg5 f6 15. Be3 Rfd8 16. Rfd1 Nf8 17. f3 Rxd1+ 18. Rxd1 Rd8 19. Rxd8 Qxd8 20. Bf1 Qd6 21. Qd2 Qxd2 22. Bxd2 b6 23. b4 axb4 24. Bxb4 Nd7 25. Bd6 Kf7 26. Ba6 Ke8 27. Bb7 c5 28. Bc7 Ke7 29. Bc6 g6 30. Kf2 h5 31. h4 f5 32. Ke3 fxe4 33. Bxe4 Bf5 34. g4 Bxe4 35. Kxe4 Ke6 36. c4 Nf6+ 37. Kd3 hxg4 38. fxg4 Nxg4 39. Bxb6 Kd6 40. a5 Nf6 41. a6 Kc6 42. a7 Kb7 43. Bxc5 Nd7 44. Bf2 Nf6 45. Be3 Ka8 46. Bb6 Nd7 47. c5 Nf6 48. c6 Nd5 49. Bc5 Nf4+ 50. Ke4 Ne6 51. Bb6 1-0


[Site "https://www.chess.com"]

[Event "Titled Tuesday Blitz June 6 Early 2023"]
[White "Makarian, Rudik"]
[Black "Yuan, Qingyu"]
[WhiteFideId "44105681"]
[BlackFideId "8609772"]
[WhiteElo "2451"]
[BlackElo "2359"]
[Result "1-0"]
[Round "7"]
[TimeControl "180+2"]
[Date "2023.06.06"]
[WhiteClock "0:00:30"]
[BlackClock "0:00:05"]
[Board "18"]

1. d4 Nf6 2. c4 e6 3. Nf3 d5 4. g3 dxc4 5. Bg2 c5 6. O-O Nc6 7. Qa4 Bd7 8. Qxc4 b5 9. Qd3 c4 10. Qc2 Be7 11. Rd1 O-O 12. e4 Rc8 13. Qe2 Nb4 14. Ne5 Be8 15. Nc3 Qb6 16. Be3 Qb8 17. a3 Nc6 18. Nxc6 Bxc6 19. d5 exd5 20. exd5 Bd7 21. Bxa7 Qxa7 22. Qxe7 Rfe8 23. Qd6 h6 24. h3 Rcd8 25. Qf4 Qc5 26. Qd4 Qd6 27. Re1 Ra8 28. Rad1 Rad8 29. Na2 Bf5 30. Nb4 Nd7 31. Nc6 Ra8 32. Na7 Qa6 33. Nc6 Nf6 34. Ne7+ Rxe7 35. Rxe7 Qd6 36. Qe5 Qxe5 37. Rxe5 Bd3 38. d6 Rd8 39. Rxb5 Rxd6 40. Bf1 Ne4 41. a4 g6 42. Rb4 Nc5 43. Rxc4 Bxf1 44. Rxd6 Bxc4 45. Rc6 Nxa4 46. Rxc4 Nxb2 47. Rd4 Kg7 48. Kf1 Kf6 49. f4 g5 50. Ke2 gxf4 51. gxf4 Ke6 52. Kd2 Kf5 53. Kc2 Kg6 54. Kxb2 f5 55. Rd6+ Kh5 56. Kc3 Kh4 57. Kd4 Kg3 58. Ke5 h5 59. Kxf5 Kh4 60. Kg6 Kg3 61. f5 Kxh3 62. f6 h4 63. f7 Kg2 64. f8=Q h3 1-0


[Site "https://www.chess.com"]

[Event "Titled Tuesday Blitz June 6 Early 2023"]
[White "Aradhya, Garg"]
[Black "Elsa167"]
[WhiteFideId "25006746"]
[WhiteElo "2263"]
[BlackElo "2910"]
[Result "1-0"]
[Round "7"]
[TimeControl "180+2"]
[Date "2023.06.06"]
[WhiteClock "0:00:11"]
[BlackClock "0:00:04"]
[Board "19"]

1. d4 Nf6 2. c4 e6 3. a3 c5 4. d5 exd5 5. cxd5 d6 6. Nc3 g6 7. Nf3 Bg7 8. Nd2 O-O 9. e4 Re8 10. Be2 Na6 11. O-O Nc7 12. Re1 b6 13. a4 Rb8 14. Rb1 Ba6 15. Bxa6 Nxa6 16. Nc4 Nc7 17. Bf4 Bf8 18. e5 Nh5 19. exd6 Rxe1+ 20. Qxe1 Nxf4 21. Qe5 Ne8 22. d7 Nf6 23. Qxf4 Nxd7 24. Re1 a6 25. Ne4 b5 26. axb5 axb5 27. Ne5 Nxe5 28. Qxe5 Bg7 29. Qf4 Rc8 30. Nd6 Qc7 31. Qg3 Rd8 32. Nxb5 Qxg3 33. hxg3 Rxd5 34. Re8+ Bf8 35. Nc3 Rd2 36. Re2 Rd8 37. g4 Kg7 38. g3 Rd4 39. f3 Rd3 40. Kg2 c4 41. Rc2 Be7 42. Ne2 Rb3 43. Nd4 Rb6 44. Rxc4 Rxb2+ 45. Rc2 Rb7 46. f4 Bf6 47. Nc6 h6 48. Re2 Rc7 49. Nb4 Rc4 50. Nd5 Bd4 51. Re4 Rc2+ 52. Kf1 Bc5 53. Re2 Rc1+ 54. Re1 Rc4 55. Kg2 Rd4 56. Nc3 Rd3 57. Ne4 Bd4 58. Re2 Rd1 59. Rd2 Rg1+ 60. Kh2 Bb6 61. g5 hxg5 62. Nxg5 Rc1 63. Rd7 Rc2+ 64. Kh3 Rc7 65. Ne6+ 1-0


[Site "https://www.chess.com"]

[Event "Titled Tuesday Blitz June 6 Early 2023"]
[White "Tang, Andrew"]
[Black "Abdilkhair, Abilmansur"]
[WhiteFideId "2059630"]
[BlackFideId "13716417"]
[WhiteElo "2600"]
[BlackElo "2210"]
[Result "1-0"]
[Round "7"]
[TimeControl "180+2"]
[Date "2023.06.06"]
[WhiteClock "0:00:03"]
[BlackClock "0:00:01"]
[Board "20"]

1. d4 d5 2. Bf4 Nf6 3. e3 Bf5 4. c4 e6 5. Nc3 c6 6. Qb3 Qc8 7. Nf3 h6 8. Rc1 a6 9. h3 Nbd7 10. Be2 Be7 11. O-O O-O 12. Ne5 Bd8 13. Rfd1 dxc4 14. Nxc4 Bc7 15. Nd6 Bxd6 16. Bxd6 Rd8 17. Bf3 a5 18. e4 Bg6 19. e5 Nh7 20. d5 Ng5 21. Bg4 Re8 22. h4 h5 23. Be2 Nh7 24. dxc6 bxc6 25. Nb5 Rd8 26. Bf3 Nb8 27. Nd4 Ra6 28. Bxb8 Qxb8 29. Nxc6 Rxd1+ 30. Rxd1 Qxb3 31. Rd8+ Nf8 32. axb3 f6 33. Ne7+ Kf7 34. Nxg6 Nxg6 35. Bxh5 fxe5 36. g4 Ra7 37. Rb8 Rc7 38. g5 1-0


[Site "https://www.chess.com"]

[Event "Titled Tuesday Blitz June 6 Early 2023"]
[White "Svane, Frederik"]
[Black "Itgelt, Khuyagtsogt"]
[WhiteFideId "12923044"]
[BlackFideId "4902912"]
[WhiteElo "2502"]
[BlackElo "2227"]
[Result "1-0"]
[Round "7"]
[TimeControl "180+2"]
[Date "2023.06.06"]
[WhiteClock "0:00:06"]
[BlackClock "0:00:05"]
[Board "21"]

1. e4 e6 2. d4 d5 3. Nd2 c5 4. exd5 exd5 5. Ngf3 Nc6 6. Bb5 Qe7+ 7. Be2 Qc7 8. O-O Nf6 9. Re1 Be6 10. h3 h6 11. Bf1 Be7 12. dxc5 Bxc5 13. Nb3 Bb6 14. Be3 O-O 15. c3 Rae8 16. Bc5 Bxc5 17. Nxc5 Bf5 18. Qb3 b6 19. Na6 Qc8 20. Qa4 Re4 21. Nd4 Nxd4 22. cxd4 Bd7 23. Qb4 Rfe8 24. Rec1 Qd8 25. Bd3 R4e7 26. Nc7 Rf8 27. Rc2 Bxh3 28. Rac1 Bg4 29. Rc6 Bd7 30. Rxf6 gxf6 31. Nxd5 Re6 32. Bf5 Re2 33. Bxd7 Kg7 34. Bb5 Re4 35. Ne3 Kh8 36. Rd1 Rg8 37. Bc6 Rf4 38. Qd2 Qd6 39. Bd5 Rh4 40. g3 Rh5 41. Bg2 a5 42. a3 Rc8 43. d5 Rd8 44. Qd4 Re5 45. Nc4 Qc5 46. Nxe5 fxe5 47. Qxe5+ 1-0


[Site "https://www.chess.com"]

[Event "Titled Tuesday Blitz June 6 Early 2023"]
[White "Kleiman, Jake"]
[Black "Yeletsky, Ivan"]
[WhiteFideId "2020041"]
[BlackFideId "24180327"]
[WhiteElo "2686"]
[BlackElo "2380"]
[Result "1/2-1/2"]
[Round "7"]
[TimeControl "180+2"]
[Date "2023.06.06"]
[WhiteClock "0:00:12"]
[BlackClock "0:01:22"]
[Board "22"]

1. e4 c5 2. c3 d5 3. exd5 Qxd5 4. d4 g6 5. Nf3 Bg7 6. Na3 Nh6 7. Be3 Nf5 8. Bc4 Qd8 9. O-O cxd4 10. Nxd4 Nxe3 11. fxe3 O-O 12. Qf3 e6 13. Rad1 Qe7 14. Kh1 Nd7 15. Bb3 Ne5 16. Qg3 Bd7 17. Nc4 Nxc4 18. Bxc4 Rac8 19. Bb3 Rfd8 20. h3 Be8 21. Qf2 Rd6 22. Qg3 Rcd8 23. Nf3 Rxd1 24. Rxd1 Rxd1+ 25. Bxd1 Qd8 26. Bb3 Bc6 27. Nd4 Be4 28. Qf4 Bd3 29. Qf3 Qd7 30. Kg1 e5 31. Ne2 a5 32. e4 Bf8 33. Bxf7+ Qxf7 34. Qxd3 Bc5+ 35. Kh2 Qxa2 36. c4 Qxb2 37. Qd5+ Kg7 38. Qxc5 Qxe2 39. Qxe5+ Kh6 40. Qf4+ Kg7 41. Qc7+ Kh6 42. Qf4+ Kg7 43. Qe5+ Kh6 44. Qf4+ 1/2-1/2


[Site "https://www.chess.com"]

[Event "Titled Tuesday Blitz June 6 Early 2023"]
[White "Hambleton, Aman"]
[Black "Begmuratov, Alisher"]
[WhiteFideId "2606577"]
[BlackFideId "14203367"]
[WhiteElo "2511"]
[BlackElo "2387"]
[Result "1-0"]
[Round "7"]
[TimeControl "180+2"]
[Date "2023.06.06"]
[WhiteClock "0:00:02"]
[BlackClock "0:00:01"]
[Board "23"]

1. d4 d5 2. Bf4 e6 3. e3 Bd6 4. Nf3 Bxf4 5. exf4 Nf6 6. Nbd2 O-O 7. Bd3 c5 8. dxc5 Qc7 9. g3 Qxc5 10. O-O Nc6 11. Nb3 Qb6 12. a3 Bd7 13. Rb1 Rac8 14. Nbd4 Nxd4 15. Nxd4 Rfe8 16. Re1 Qc7 17. Qd2 e5 18. fxe5 Rxe5 19. Rxe5 Qxe5 20. Re1 Qd6 21. Qb4 Qxb4 22. axb4 a6 23. f3 Kf8 24. Kf2 g6 25. g4 Re8 26. Rh1 Ke7 27. h4 Kd6 28. h5 Ke5 29. c3 Kd6 30. h6 g5 31. Rd1 Ng8 32. Rh1 Nf6 33. Rh2 Ra8 34. Rh1 a5 35. bxa5 Rxa5 36. Bb1 Ra1 37. Nb3 Ra8 38. Ke3 Re8+ 39. Kd2 Bb5 40. Nd4 Bd7 41. Bd3 Ke5 42. Rf1 Kd6 43. Ra1 Ng8 44. Rh1 Nf6 45. Bc2 Ra8 46. Bf5 Re8 47. Bxd7 Kxd7 48. Ra1 Kc7 49. Ra5 Rd8 50. Rc5+ Kb6 51. Rb5+ Kc7 52. Ra5 Kb6 53. Ra3 Ng8 54. Nf5 Re8 55. Rb3+ Kc7 56. Ra3 Re6 57. Ra5 Nxh6 58. Nxh6 Rxh6 59. Rxd5 Rh2+ 60. Kd3 Rxb2 61. Rxg5 Rb6 62. Rg7 Rd6+ 63. Ke3 1-0


[Site "https://www.chess.com"]

[Event "Titled Tuesday Blitz June 6 Early 2023"]
[White "Petrosyan, Manuel"]
[Black "Darini, Pouria"]
[WhiteFideId "13300857"]
[BlackFideId "12502200"]
[WhiteElo "2576"]
[BlackElo "2482"]
[Result "0-1"]
[Round "7"]
[TimeControl "180+2"]
[Date "2023.06.06"]
[WhiteClock "0:00:07"]
[BlackClock "0:00:06"]
[Board "24"]

1. e4 c5 2. Nf3 Nc6 3. Bb5 e6 4. O-O Nge7 5. Re1 b6 6. c3 a6 7. Bf1 d5 8. exd5 Nxd5 9. d4 cxd4 10. Nxd4 Bb7 11. Nxc6 Bxc6 12. c4 Nf6 13. Be3 Qxd1 14. Rxd1 Bc5 15. Bxc5 bxc5 16. Nc3 Ke7 17. f3 Rhd8 18. Kf2 Nd7 19. Ke3 g5 20. Be2 Ne5 21. b3 f5 22. g3 h5 23. Rxd8 Rxd8 24. Rd1 Rh8 25. Rg1 g4 26. f4 Nd7 27. Nd1 h4 28. Nf2 hxg3 29. hxg3 Rh2 30. a3 a5 31. Bd1 e5 32. Nd3 e4 33. Nf2 Nf8 34. Be2 Ne6 35. Bf1 Rh8 36. Rh1 Rb8 37. Rh7+ Kd6 38. Nd1 Rxb3+ 39. Kf2 Rf3+ 40. Ke1 Rxg3 41. Rh6 Rf3 42. Be2 Rxa3 43. Kf2 a4 44. Rg6 g3+ 45. Kg2 Ra2 46. Kf1 Ra3 47. Rf6 Ke7 48. Rxf5 Rb3 49. Re5 Kf6 50. Bg4 Nxf4 51. Rf5+ Kg6 52. Rxf4 Kg5 53. Rf5+ Kxg4 54. Rxc5 Rb1 55. Ke2 Rxd1 56. Rxc6 Rc1 57. Ke3 a3 58. Rg6+ Kf5 59. Ra6 g2 60. Ra5+ Kg4 61. Kxe4 g1=Q 62. Ra8 Qe1+ 63. Kd4 Rd1+ 64. Kc5 Qe3+ 65. Kb4 Rb1+ 66. Ka5 Qb6+ 0-1


[Site "https://www.chess.com"]

[Event "Titled Tuesday Blitz June 6 Early 2023"]
[White "Nepomniachtchi, Ian"]
[Black "Korchmar, Vasiliy"]
[WhiteFideId "4168119"]
[BlackFideId "24131750"]
[WhiteElo "2781"]
[BlackElo "2370"]
[Result "1-0"]
[Round "7"]
[TimeControl "180+2"]
[Date "2023.06.06"]
[WhiteClock "0:01:28"]
[BlackClock "0:00:05"]
[Board "25"]

1. e4 c5 2. c3 Nf6 3. e5 Nd5 4. Bc4 e6 5. Nf3 d6 6. d4 cxd4 7. cxd4 Be7 8. O-O O-O 9. Qe2 b6 10. a3 Bb7 11. Bd3 Nd7 12. Qe4 g6 13. Bh6 Re8 14. Qg4 dxe5 15. dxe5 Qc7 16. Re1 Nc5 17. Bc2 Ba6 18. Nbd2 Bd3 19. Rac1 Qb7 20. h4 Rac8 21. h5 Bxc2 22. Rxc2 Nd3 23. Rxc8 Rxc8 24. Rf1 Rc1 25. Rxc1 Nxc1 26. Ne4 Qc7 27. Bg5 Nd3 28. hxg6 hxg6 29. Bxe7 Qxe7 30. Qh3 Qc7 31. Neg5 Qc1+ 32. Kh2 1-0


[Site "https://www.chess.com"]

[Event "Titled Tuesday Blitz June 6 Early 2023"]
[White "Samunenkov, Ihor"]
[Black "Paravyan, David"]
[WhiteFideId "14187086"]
[BlackFideId "4194985"]
[WhiteElo "2457"]
[BlackElo "2563"]
[Result "1/2-1/2"]
[Round "7"]
[TimeControl "180+2"]
[Date "2023.06.06"]
[WhiteClock "0:00:04"]
[BlackClock "0:01:32"]
[Board "26"]

1. d4 d5 2. c4 e6 3. Nf3 Nf6 4. g3 Be7 5. Bg2 O-O 6. O-O dxc4 7. Qc2 b5 8. a4 Bb7 9. axb5 a6 10. bxa6 Nxa6 11. Qxc4 Bd5 12. Qc3 Ne4 13. Qe3 c5 14. Nc3 cxd4 15. Nxd4 Nxc3 16. bxc3 Bxg2 17. Kxg2 Nc5 18. Ba3 Qd5+ 19. Qf3 Qxf3+ 20. Kxf3 Rfc8 21. Bb4 Rxa1 22. Rxa1 Bf8 23. Ra7 h5 24. h4 Nb3 25. Nxb3 Bxb4 26. cxb4 Rc3+ 27. e3 Rxb3 28. Rb7 Rb2 29. b5 e5 30. b6 f5 31. Re7 e4+ 32. Kf4 Rxb6 33. Kxf5 Rf6+ 34. Kxe4 Rxf2 35. Re5 g6 36. Re7 Kf8 37. Ra7 Rf5 38. Rb7 Kg8 39. Rb2 Kg7 40. Kd3 Rf3 41. Rg2 g5 42. hxg5 Kg6 43. Ke4 Rf8 44. Kd3 Kxg5 45. e4 Kg4 46. Kd4 Kh3 47. Rg1 Kh2 48. Ra1 Kxg3 49. e5 h4 50. e6 h3 51. Ke5 h2 52. e7 Rf2 53. Kd6 Rd2+ 54. Ke6 Re2+ 55. Kd7 Kg2 56. e8=Q Rxe8 57. Kxe8 h1=Q 58. Rxh1 Kxh1 1/2-1/2


[Site "https://www.chess.com"]

[Event "Titled Tuesday Blitz June 6 Early 2023"]
[White "Amilal Munkhdalai"]
[Black "Kramnik, Vladimir"]
[WhiteFideId "4903250"]
[BlackFideId "4101588"]
[WhiteElo "2293"]
[BlackElo "2703"]
[Result "0-1"]
[Round "7"]
[TimeControl "180+2"]
[Date "2023.06.06"]
[WhiteClock "0:01:39"]
[BlackClock "0:00:59"]
[Board "27"]

1. e4 c5 2. Nf3 e6 3. d4 cxd4 4. Nxd4 Nf6 5. Bd3 Nc6 6. Nxc6 dxc6 7. O-O e5 8. Nd2 Be6 9. h3 Bc5 10. Qe2 O-O 11. Bc4 Re8 12. Nf3 Bxc4 13. Qxc4 Qb6 14. c3 a5 15. Bg5 Nd7 16. Rad1 Nf8 17. b3 h6 18. Bc1 Ng6 19. a3 Rad8 20. Rxd8 Rxd8 21. b4 axb4 22. axb4 Bxf2+ 23. Kh1 Rd7 24. Kh2 Be3 25. Bxe3 Qxe3 26. Re1 Qf4+ 27. Kg1 Qg3 28. Qe2 Nf4 29. Qe3 Qxg2# 0-1


[Site "https://www.chess.com"]

[Event "Titled Tuesday Blitz June 6 Early 2023"]
[White "Fus, Jakub"]
[Black "Sjugirov, Sanan"]
[WhiteFideId "1193023"]
[BlackFideId "4189302"]
[WhiteElo "2335"]
[BlackElo "2569"]
[Result "0-1"]
[Round "7"]
[TimeControl "180+2"]
[Date "2023.06.06"]
[WhiteClock "0:00:01"]
[BlackClock "0:00:49"]
[Board "28"]

1. d4 Nf6 2. c4 e6 3. Nf3 d5 4. g3 Bb4+ 5. Bd2 Be7 6. Bg2 O-O 7. O-O c6 8. Bc3 Ne4 9. Nbd2 f5 10. Qc2 Nd7 11. Rfd1 Bd6 12. e3 Qf6 13. b4 g5 14. Rac1 g4 15. Ne1 h5 16. Nd3 h4 17. Nxe4 fxe4 18. Nf4 Qf5 19. b5 Nf6 20. bxc6 bxc6 21. Rb1 Ba6 22. Qa4 Bxc4 23. Qxc6 Bxf4 24. exf4 h3 25. Bh1 Rac8 26. Qd6 e3 27. fxe3 Ne4 28. Qa3 Be2 29. Be1 Bxd1 30. Rxd1 Rc2 31. Qxa7 Nc3 32. Qd7 Nxd1 0-1


[Site "https://www.chess.com"]

[Event "Titled Tuesday Blitz June 6 Early 2023"]
[White "Talibov, Shiroghlan"]
[Black "Ashraf, Artin"]
[WhiteFideId "13429078"]
[BlackFideId "22514805"]
[WhiteElo "2274"]
[BlackElo "2224"]
[Result "1-0"]
[Round "7"]
[TimeControl "180+2"]
[Date "2023.06.06"]
[WhiteClock "0:00:09"]
[BlackClock "0:00:02"]
[Board "29"]

1. d4 d5 2. Nf3 Nf6 3. c4 e6 4. g3 Bb4+ 5. Nbd2 O-O 6. Bg2 b6 7. O-O Bb7 8. cxd5 exd5 9. a3 Bd6 10. b3 Re8 11. Bb2 Nbd7 12. Re1 a5 13. e3 Qe7 14. Nh4 Qe6 15. Rc1 Ne4 16. Nhf3 h6 17. Nxe4 dxe4 18. Nd2 Bd5 19. a4 c6 20. f3 f5 21. f4 b5 22. Bf1 Reb8 23. Bc3 Bb4 24. Qc2 Bd6 25. Ra1 b4 26. Bb2 g5 27. Nc4 gxf4 28. exf4 Rc8 29. Rac1 Nf6 30. Bh3 Ng4 31. Qe2 h5 32. Bg2 Kh7 33. Ne5 Bxb3 34. h3 Nf6 35. g4 hxg4 36. hxg4 Bd5 37. g5 Nd7 38. Nxd7 Qxd7 39. Qh5+ Kg8 40. Qg6+ Qg7 41. Qh5 Bxf4 42. g6 Bxc1 43. Bxc1 Rf8 44. Bh6 Qxd4+ 45. Be3 Qh8 46. Qg5 Rae8 47. Rd1 f4 48. Bd4 f3 49. Bxh8 f2+ 50. Kh2 e3 51. Bd4 Bxg2 52. Qh6 1-0


[Site "https://www.chess.com"]

[Event "Titled Tuesday Blitz June 6 Early 2023"]
[White "Grigorjev, Iljya"]
[Black "Veiga, Jose Francisco R P Neves"]
[WhiteFideId "24159565"]
[BlackFideId "1930087"]
[WhiteElo "2323"]
[BlackElo "2319"]
[Result "1-0"]
[Round "7"]
[TimeControl "180+2"]
[Date "2023.06.06"]
[WhiteClock "0:00:10"]
[BlackClock "0:00:05"]
[Board "30"]

1. d4 Nf6 2. c4 e6 3. Nc3 Bb4 4. e3 d5 5. a3 Bxc3+ 6. bxc3 O-O 7. cxd5 exd5 8. Bd3 c5 9. Ne2 b6 10. O-O Ba6 11. Bxa6 Nxa6 12. a4 Qc7 13. Nf4 Rfd8 14. Ba3 Rac8 15. Rc1 Qc6 16. g4 Nc7 17. f3 Ne6 18. Nd3 h5 19. h3 Re8 20. Ne5 Qc7 21. Kg2 Nd7 22. f4 f6 23. Nxd7 Qxd7 24. gxh5 Nd8 25. Rf3 Nf7 26. dxc5 bxc5 27. c4 d4 28. exd4 cxd4 29. Qd3 Qxa4 30. Rg3 Qc6+ 31. Kh2 Re3 32. Rxe3 dxe3 33. Qxe3 Re8 34. Qf2 Nh6 35. c5 Nf5 36. Re1 a5 37. Rxe8+ Qxe8 38. Qc2 Qxh5 39. c6 Qf3 40. c7 Qxf4+ 41. Kg1 Qg3+ 42. Kf1 Ne3+ 43. Ke2 Nxc2 44. c8=Q+ Kh7 45. Qxc2+ Qg6 46. Qb3 Qf5 47. Bc1 Kg6 48. Be3 a4 49. Qxa4 Qxh3 50. Qe8+ Kh7 51. Qe7 Qf5 52. Bd4 Qg4+ 53. Kd3 Qg6+ 54. Kc4 Qg5 55. Bc5 Qg4+ 56. Kb5 Qg5 57. Kc6 Qg4 58. Bd6 Kg8 59. Qe8+ Kh7 60. Qf7 Qg6 61. Qe6 Qc2+ 62. Kd7 Kh6 63. Bf4+ Kh7 64. Ke8 Qg6+ 65. Kf8 Qh5 66. Qg8+ Kg6 67. Qf7+ Kf5 68. Qxh5+ Kxf4 69. Qg6 f5 70. Kxg7 Ke4 71. Kf6 1-0


[Site "https://www.chess.com"]

[Event "Titled Tuesday Blitz June 6 Early 2023"]
[White "Shuvalova, Polina"]
[Black "Galchenko, Matvey"]
[WhiteFideId "24171760"]
[BlackFideId "24175480"]
[WhiteElo "2281"]
[BlackElo "2423"]
[Result "0-1"]
[Round "7"]
[TimeControl "180+2"]
[Date "2023.06.06"]
[WhiteClock "0:00:06"]
[BlackClock "0:00:14"]
[Board "31"]

1. e4 e6 2. d4 d5 3. Nd2 a6 4. Bd3 c5 5. dxc5 Nf6 6. exd5 Qxd5 7. Ngf3 Qxc5 8. O-O Nbd7 9. Qe2 Qc7 10. Re1 b6 11. b3 Bb7 12. Bb2 Be7 13. Rad1 Nc5 14. Nc4 Nxd3 15. Rxd3 O-O 16. Be5 Qc6 17. Qe3 Nd5 18. Qd4 f6 19. Bg3 e5 20. Qg4 Nb4 21. Rd2 Rad8 22. Red1 Nxc2 23. Nh4 Nd4 24. f3 Bc8 25. Qh5 b5 26. Ne3 Qc3 27. Bf2 Bc5 28. Kh1 Be6 29. h3 Nc6 30. Rxd8 Nxd8 31. Ng4 Bxg4 32. Qxg4 Bxf2 33. Kh2 Qe3 34. Qxg7+ Kxg7 35. Nf5+ Kg6 36. Nxe3 Bxe3 37. g4 Bf4+ 38. Kg2 Ne6 39. Rd6 Nd4 40. Rd7 h5 41. h4 Rc8 42. gxh5+ Kxh5 43. Rh7+ Kg6 44. Ra7 Rc2+ 45. Kh3 Rh2+ 46. Kg4 f5# 0-1


[Site "https://www.chess.com"]

[Event "Titled Tuesday Blitz June 6 Early 2023"]
[White "Jeet, Jain"]
[Black "Pranav Anand"]
[WhiteFideId "5073022"]
[BlackFideId "46626786"]
[WhiteElo "2067"]
[BlackElo "2389"]
[Result "0-1"]
[Round "7"]
[TimeControl "180+2"]
[Date "2023.06.06"]
[WhiteClock "0:00:05"]
[BlackClock "0:00:09"]
[Board "32"]

1. d4 Nf6 2. Nf3 e6 3. Bf4 b5 4. e3 a6 5. c4 bxc4 6. Bxc4 Bb7 7. Nc3 Be7 8. O-O O-O 9. Re1 d5 10. Bd3 Nbd7 11. Qc2 c5 12. e4 cxd4 13. e5 dxc3 14. exf6 Nxf6 15. Qxc3 Rc8 16. Qb3 Bc6 17. Bxa6 Ra8 18. Bd3 Ba4 19. Qc3 Rc8 20. Qd2 Qb6 21. a3 Rfd8 22. Rac1 Ne4 23. Bxe4 dxe4 24. Rxc8 Rxc8 25. Rxe4 Bc6 26. Re1 Qb7 27. Bg3 h5 28. Qe2 Bd5 29. Ne5 h4 30. Qh5 Bf6 31. Bxh4 Bxh4 32. Qxh4 Bxg2 33. Qb4 Qa8 34. Qe7 Rf8 35. Rd1 Bh1 36. f3 Bxf3 37. Rd7 Qe4 38. Nxf7 Qe1# 0-1


[Site "https://www.chess.com"]

[Event "Titled Tuesday Blitz June 6 Early 2023"]
[White "Souleidis, Georgios"]
[Black "Mitrabha, Guha"]
[WhiteFideId "4206827"]
[BlackFideId "5057000"]
[WhiteElo "2401"]
[BlackElo "2507"]
[Result "1-0"]
[Round "7"]
[TimeControl "180+2"]
[Date "2023.06.06"]
[WhiteClock "0:00:56"]
[BlackClock "0:02:15"]
[Board "33"]

1. e4 c6 2. Nc3 d5 3. Nf3 dxe4 4. Nxe4 Nf6 5. Qe2 Nxe4 6. Qxe4 Be6 7. c4 Nd7 8. d4 Nf6 9. Qd3 Bg4 10. Be2 Bxf3 11. Bxf3 e5 12. Be3 Bb4+ 13. Kf1 O-O 14. Rd1 Qe7 15. dxe5 Qxe5 16. g3 Bc5 17. Bxc5 Qxc5 18. Kg2 g6 19. Rhe1 Kg7 20. Qc3 h5 21. b4 Qb6 22. Rd6 Rfe8 23. Qxf6+ Kg8 24. Rxe8+ Rxe8 25. Bd5 Qc7 26. Qxg6+ Kf8 27. Qh6+ Ke7 28. Qf6+ Kf8 29. Bf3 Re7 30. c5 a5 31. Qh8# 1-0


[Site "https://www.chess.com"]

[Event "Titled Tuesday Blitz June 6 Early 2023"]
[White "Sadykov, Ramil"]
[Black "Dragnev, Valentin"]
[WhiteFideId "24113590"]
[BlackFideId "1634852"]
[WhiteElo "2245"]
[BlackElo "2487"]
[Result "1-0"]
[Round "7"]
[TimeControl "180+2"]
[Date "2023.06.06"]
[WhiteClock "0:00:03"]
[BlackClock "0:00:05"]
[Board "34"]

1. Nf3 Nf6 2. c4 b6 3. g3 c5 4. Bg2 Bb7 5. O-O g6 6. Nc3 Bg7 7. d4 cxd4 8. Nxd4 Bxg2 9. Kxg2 Qc8 10. Qd3 Nc6 11. Nxc6 Qxc6+ 12. f3 Rc8 13. b3 O-O 14. e4 d6 15. Be3 e6 16. Rfd1 Rfd8 17. Nb5 Rd7 18. Bf4 Nh5 19. Rac1 Nxf4+ 20. gxf4 Bh6 21. Nd4 Qc5 22. Ne2 e5 23. Qd5 Qe3 24. Qd2 Qc5 25. Rc3 exf4 26. Qd5 Qa3 27. Rc2 Rc5 28. Qa8+ Kg7 29. Nc3 Rg5+ 30. Kh1 Qc5 31. Nd5 Re5 32. b4 Rxd5 33. Qxd5 Qxb4 34. e5 Bg5 35. e6 Qa4 36. Rcd2 fxe6 37. Qxg5 e5 38. Qg4 Qc6 39. Kg2 Rd8 40. Qe6 Kh6 41. Rxd6 Rxd6 42. Rxd6 Qa4 43. Qh3+ Kg5 44. Qg4+ Kh6 45. Rd7 Qxa2+ 46. Kh3 g5 47. Qe6+ Kh5 48. Rxh7# 1-0


[Site "https://www.chess.com"]

[Event "Titled Tuesday Blitz June 6 Early 2023"]
[White "Vlassov, Nikolai"]
[Black "Fridman, Daniel"]
[WhiteFideId "4103360"]
[BlackFideId "11600454"]
[WhiteElo "2324"]
[BlackElo "2538"]
[Result "0-1"]
[Round "7"]
[TimeControl "180+2"]
[Date "2023.06.06"]
[WhiteClock "0:00:01"]
[BlackClock "0:00:23"]
[Board "35"]

1. e4 c6 2. d4 d5 3. e5 c5 4. dxc5 Nc6 5. Bb5 e6 6. Be3 Ne7 7. Nf3 Bd7 8. Bxc6 Bxc6 9. O-O Nf5 10. Bd4 Nxd4 11. Qxd4 Bb5 12. Re1 Rc8 13. b4 b6 14. cxb6 axb6 15. c3 Qc7 16. a4 Ra8 17. Nbd2 Rxa4 18. Rxa4 Bxa4 19. Ra1 b5 20. h4 Be7 21. Ng5 h6 22. Nh3 O-O 23. Nf4 Bxh4 24. Nh5 Bg5 25. f4 Be7 26. Qe3 Rc8 27. Ra3 g6 28. Nf6+ Kg7 29. Qd4 h5 30. g4 hxg4 31. Nxg4 Rh8 32. Kg2 Qd8 33. Nf3 Bd1 34. Qxd1 Qg8 35. Qd4 Qh7 36. Nf2 Bh4 37. Ra1 Bxf2 38. Kxf2 Qh3 39. Rg1 Ra8 40. Qd2 Ra3 41. Rg3 Qh1 42. Qb2 Ra1 43. f5 exf5 44. e6 f4 45. c4+ f6 0-1


[Site "https://www.chess.com"]

[Event "Titled Tuesday Blitz June 6 Early 2023"]
[White "Bryakin, Mikhail"]
[Black "Manukyan, Sargis V."]
[WhiteFideId "4165314"]
[BlackFideId "13303465"]
[WhiteElo "2464"]
[BlackElo "2236"]
[Result "1-0"]
[Round "7"]
[TimeControl "180+2"]
[Date "2023.06.06"]
[WhiteClock "0:00:47"]
[BlackClock "0:00:11"]
[Board "36"]

1. e4 e6 2. d4 d5 3. Nc3 Bb4 4. e5 c5 5. Bd2 Ne7 6. Nb5 Bxd2+ 7. Qxd2 O-O 8. Nf3 cxd4 9. Bd3 Nbc6 10. O-O Ng6 11. Bxg6 fxg6 12. Nbxd4 h6 13. b4 Bd7 14. Nxc6 Bxc6 15. Nd4 Bd7 16. f4 Rc8 17. c3 a5 18. a3 Qc7 19. Rf3 g5 20. f5 exf5 21. e6 Be8 22. Nxf5 Bh5 23. Rf2 Kh7 24. e7 Rf6 25. Re1 Re8 26. Qd4 Bg6 27. Nxg7 Rxe7 28. Rxe7 Qxe7 29. Qxf6 Qxf6 30. Rxf6 Kxg7 31. Rb6 axb4 32. Rxb7+ Kf6 33. axb4 Bd3 34. Rb6+ Kg7 35. Rd6 Bc4 36. Kf2 1-0


[Site "https://www.chess.com"]

[Event "Titled Tuesday Blitz June 6 Early 2023"]
[White "Ilamparthi A R"]
[Black "Fiorito, Joaquin"]
[WhiteFideId "45015775"]
[BlackFideId "180173"]
[WhiteElo "2348"]
[BlackElo "2199"]
[Result "1-0"]
[Round "7"]
[TimeControl "180+2"]
[Date "2023.06.06"]
[WhiteClock "0:00:56"]
[BlackClock "0:00:18"]
[Board "37"]

1. e4 c5 2. Nf3 d6 3. g3 g6 4. Bg2 Bg7 5. O-O e6 6. c3 Nc6 7. d4 cxd4 8. cxd4 Nge7 9. Nc3 O-O 10. h4 a6 11. h5 b5 12. h6 Bh8 13. Bg5 f6 14. Be3 Bb7 15. d5 exd5 16. exd5 Ne5 17. Nd4 Qd7 18. Qe2 Rfc8 19. Ne6 Nf5 20. Bf4 Rc4 21. Rad1 Rac8 22. Bh3 Bxd5 23. Nxd5 Qxe6 24. Bxf5 gxf5 25. Ne3 Ng6 26. Bxd6 f4 27. gxf4 Nxf4 28. Qf3 Nh3+ 29. Kg2 Ng5 30. Qf5 Qxf5 31. Nxf5 Rg4+ 32. Bg3 Kf7 33. Nd6+ 1-0


[Site "https://www.chess.com"]